 Dungeon Crawl Stone Soup version 0.27.1-34-g3ba077fa99 (webtiles) character file.

Game seed: 17003662977333125295

13422 Delamore the Impaler (level 12, -3/72 (84) HPs)
             Began as a Formicid Fighter on Jan 14, 2022.
             Was an Initiate of Gozag.
             Killed from afar by Nergalle (44 damage)
             ... with a bolt of negative energy
             ... on level 11 of the Dungeon.
             The game lasted 00:17:18 (11801 turns).

Delamore the Impaler (Formicid Fighter)            Turns: 11801, Time: 00:17:18

HP:   -3/72 (84)    AC: 18    Str: 26    XL:     12   Next: 32%
MP:   12/12         EV: 14    Int:  8    God:    Gozag
Gold: 1809          SH: 18    Dex: 10    Spells: 11/11 levels left

rFire    + . .     SeeInvis +   a - +1 trident (vorpal)
rCold    + + +     Faith    .   c - +1 kite shield
rNeg     . . .     Spirit   .   z - +1 scale mail of the Lair of Beasts {Contam rC+++ rCorr SInv}
rPois    .         Reflect  +   (helmet unavailable)
rElec    +         Harm     +   D - +0 cloak
rCorr    +         Rampage  .   R - +0 pair of gloves
Will     ++++.                  o - +3 pair of boots of Kikubaaqudgha's Grace {Harm rElec rF+ Will+++}
Stlth    ..........             C - amulet of reflection
HPRegen  0.22/turn              e - +4 ring of evasion
MPRegen  0.13/turn              s - +4 ring of protection

@: heavily drained
A: permanent stasis, dig shafts and tunnels, antennae 3, four strong arms
a: Dig, Shaft Self, Renounce Religion, Potion Petition, Call Merchant, Bribe
Branch


You were on level 11 of the Dungeon.
You worshipped Gozag.
Gozag was most pleased with you.
You visited 1 branch of the dungeon, and saw 11 of its levels.
You also visited: Sewer.

You collected 2215 gold pieces.
You spent 196 gold pieces at shops.
You paid 210 gold pieces to Gozag.

Inventory:

Hand Weapons
 a - a +1 vorpal trident (weapon)
 w - a +0 halberd
 B - a +0 trident of protection
 L - a +2 trident of flaming
Missiles
 h - 8 atropa-tipped darts
 r - 19 poisoned darts (quivered)
 J - 4 boomerangs of dispersal
 M - a boomerang
Armour
 c - a +1 kite shield (worn)
 m - a +0 chain mail
 o - the +3 pair of boots of Kikubaaqudgha's Grace (worn) {Harm rElec rF+ Will+++}
   (You found it in a sewer)

   rF:        It protects you from fire.
   rElec:     It insulates you from electricity.
   Harm:      It increases damage dealt and taken.
   Will:      It greatly increases your willpower.
 z - the +1 scale mail of the Lair of Beasts (worn) {Contam rC+++ rCorr SInv}
   (You found it on level 6 of the Dungeon)

   rC:        It renders you almost immune to cold.
   SInv:      It lets you see invisible.
   Contam:    It causes magical contamination when unequipped.
   rCorr:     It protects you from acid and corrosion.
 D - a +0 cloak (worn)
 R - a +0 pair of gloves (worn)
Jewellery
 e - a +4 ring of evasion (left hand)
 s - a +4 ring of protection (right hand)
 A - a ring of ice
 C - an amulet of reflection (around neck)
 I - a +6 ring of dexterity
Wands
 p - a wand of paralysis (3)
 q - a wand of iceblast (30)
 F - a wand of charming (26)
 K - a wand of flame (20)
Scrolls
 b - 4 scrolls of summoning
 i - 5 scrolls of enchant armour
 n - 4 scrolls of brand weapon
 y - 2 scrolls of noise
 N - a scroll of identify
 O - a scroll of silence
Potions
 d - 5 potions of might
 f - 3 potions of attraction
 g - 3 potions of brilliance
 j - a potion of resistance
 k - a potion of cancellation {unknown}
 l - 2 potions of degeneration
 t - a potion of curing {unknown}
 u - 6 potions of flight
 v - a potion of mutation
 x - a potion of berserk rage {unknown}
 E - a potion of ambrosia
 G - a potion of lignification {unknown}
 H - a potion of heal wounds {unknown}
 P - a potion of haste
 Q - a potion of magic {unknown}


   Skills:
 + Level 4.5 Fighting
 - Level 16.0 Polearms
 + Level 2.6 Throwing
 + Level 4.6 Armour
 - Level 9.0 Shields
 + Level 2.9 Evocations


You had 11 spell levels left.
You didn't know any spells.
Your spell library contained the following spells:

 Spells                   Type           Power      Damage    Failure   Level
 Apportation              Tloc           0%         N/A       67%         1
 Foxfire                  Conj/Fire      0%         2x1d4     67%         1
 Slow                     Hex            0%         N/A       82%         2
 Confusing Touch          Hex            0%         N/A       96%         3
 Conjure Flame            Conj/Fire      0%         6-21      96%         3
 Gell's Gravitas          Tloc           0%         N/A       96%         3
 Inner Flame              Hex/Fire       0%         N/A       96%         3
 Lesser Beckoning         Tloc           0%         N/A       96%         3
 Teleport Other           Tloc           0%         N/A       96%         3
 Vampiric Draining        Necr           0%         2d6       96%         3
 Alistair's Intoxication  Tmut/Pois      0%         N/A       100%        5
 Invisibility             Hex            0%         N/A       100%        6


Dungeon Overview and Level Annotations

Branches:
Dungeon (11/15)            Temple (0/1) D:6            Lair (0/6) D:11
  Sewer (visited)
    Orc: D:9-12

Altars:
Dithmenos
Fedhas
Gozag
Nemelex Xobeh
Xom
Yredelemnul
Zin
Beogh

Shops:
D:3 *   D:4 :   D:6 (   D:8 =   D:10 ?

Annotations:
D:11 Nergalle


Innate Abilities, Weirdness & Mutations

You cannot be hasted, slowed, berserked, paralysed or teleported.
You can dig through walls and to a lower floor.
You have a pair of large antennae on your head. (SInv)
Your four strong arms can wield two-handed weapons with a shield.


Message History

The spectral orc warrior hits you from afar with a +0 glaive.
Nergalle misses you.
You hit Nergalle.
Nergalle is heavily wounded.
Nergalle looks more healthy.
Nergalle points at you and mumbles some strange words.
Orcish apparitions take form around you.
The spectral orc warrior barely misses you.
Aiming: Paralyse
Press: ? - help, Shift-Dir - straight line, f/p - Nergalle
Aim: Nergalle, wielding a +0 dagger and wearing a +2 robe of positive energy (heavily wounded, fast, chance to affect: 21%)
Okay, then.
Aiming: Throw Flame
Press: ? - help, Shift-Dir - straight line, f/p - Nergalle
Aim: Nergalle, wielding a +0 dagger and wearing a +2 robe of positive energy (heavily wounded, fast, 68% to hit)
Okay, then.
You puncture Nergalle!
Nergalle is almost dead.
You barely miss Nergalle.
Nergalle is almost dead.
Nergalle hits you but does no damage.
The spectral orc warrior hits you from afar with a +0 glaive!
* * * LOW HITPOINT WARNING * * *
You completely miss Nergalle.
Nergalle is almost dead.
Nergalle casts a spell at you.
Orcish apparitions take form around you.
Okay, then.
Okay, then.
Okay, then. [a] - 130 gold - heal wounds [b] - 324 gold - invisibility and might [c] - 476 gold - lignification, might and resistance Purchase which effect?
You feel much better. Nergalle casts a spell at you.
The bolt of negative energy hits you!!!
You feel drained.
Ouch! That really hurt!
You die...
Your body crumbles into a pile of gold.

...# #.#............ ....
#.'P.P.P..P.P.. ...#
#......P...P.P. ####
##.P..P.P.......
#....P.P.P.P.... #+#######
#...P...P...P... ####
........# #..P.P.P....D...
...#
........###Z......P.P>....
...#
.....>..#@oZZ.............
...#
........###ZZ.P..P.....[..
...#
........##.{..............
...#
..[.....'..#P.....P...P..P
...+
........######.P...P....P.
...# #########
###.......P.. ####
##......$.# # ###......# #
#####(..


You could see Nergalle (fast), a spectral orc (summoned, fast) and 4 spectral
orc warriors.

Vanquished Creatures
  Josephine (D:10)
  Harold (D:8)
  Erolcha (D:10)
  A hydra (D:11)
  2 two-headed ogres
  A manticore (D:11)
  Psyche (D:8)
  Maggie (D:8)
  An unseen horror (D:10)
  A kobold demonologist (D:7)
  Sigmund (D:6)
  8 yaks
  2 shadows
  2 wyverns
  4 wraiths
  A steam dragon (D:9)
  2 water moccasins
  2 sky beasts (D:6)
  A hornet zombie (D:5)
  An ice beast (D:6)
  5 black bears
  4 orc warriors
  A necrophage (D:6)
  3 ogres
  7 centaurs
  A phantom (D:6)
  The ghost of Cykl0x the Slasher, an amateur GrGl (D:4)
  6 bullfrogs
  2 gnoll sergeants
  4 scorpions
  2 wyvern skeletons
  A water moccasin skeleton (D:6)
  3 killer bees (D:8)
  3 wights (D:8)
  2 howler monkeys
  7 centaur zombies
  A bullfrog zombie (D:7)
  2 hounds
  A jelly (D:7)
  Crazy Yiuf (D:6)
  3 bullfrog skeletons
  3 orc priests
  A gnoll shaman (D:5)
  A centaur skeleton (D:7)
  3 iguanas
  10 orc wizards
  Natasha (thrice) (D:4)
  A howler monkey zombie (D:7)
  A howler monkey skeleton (D:6)
  18 gnolls
  13 adders
  A river rat (D:6)
  2 shadow imps
  2 white imps (D:7)
  8 worms
  A dart slug (D:5)
  29 orcs
  16 endoplasms
  3 giant cockroaches
  11 goblins
  7 hobgoblins
  4 jackals (Sewer)
  10 kobolds
  13 quokkas
  19 ball pythons
  12 bats
  2 frilled lizards
  4 rats
293 creatures vanquished.

Vanquished Creatures (others)
  36 fungi (D:11)
  44 plants
80 creatures vanquished.

Grand Total: 373 creatures vanquished

Notes
Turn   | Place    | Note
-------+----------+-------------------------------------------
     0 | D:1      | Delamore the Formicid Fighter began the quest for the Orb.
     0 | D:1      | Reached XP level 1. HP: 18/18 MP: 1/1
   190 | D:1      | Reached XP level 2. HP: 24/24 MP: 2/2
   375 | D:1      | Reached skill level 3 in Polearms
   738 | D:1      | Reached XP level 3. HP: 9/29 MP: 3/3
  1296 | D:1      | Reached skill level 4 in Polearms
  1296 | D:1      | Reached XP level 4. HP: 27/35 MP: 4/4
  1939 | D:2      | Found a faded altar of an unknown god.
  2327 | D:3      | Found a blossoming altar of Fedhas.
  2338 | D:3      | Reached XP level 5. HP: 41/41 MP: 5/5
  2451 | D:3      | Reached skill level 5 in Polearms
  2565 | D:3      | Found a shimmering altar of Xom.
  2567 | D:3      | Found a basalt altar of Yredelemnul.
  2570 | D:3      | Found a glowing silver altar of Zin.
  2636 | D:3      | Found Dyladahu's General Store.
  2654 | D:3      | Bought a scroll of magic mapping for 38 gold pieces
  2654 | D:3      | Bought a scroll of identify for 22 gold pieces
  2805 | D:3      | Reached XP level 6. HP: 45/47 MP: 6/6
  3587 | D:4      | Found a runed translucent gate.
  3588 | D:4      | Found a runed translucent gate.
  3589 | D:4      | Found a runed translucent gate.
  3590 | D:4      | Found an opulent altar of Gozag.
  3591 | D:4      | Noticed a water moccasin
  3591 | D:4      | Noticed Cykl0x's ghost (amateur GrGl)
  3596 | D:4      | Reached skill level 6 in Polearms
  3787 | D:4      | Noticed Natasha
  3792 | D:4      | Killed Natasha
  3879 | D:4      | Noticed Natasha
  3897 | D:4      | Killed Natasha
  3985 | D:4      | Noticed Natasha
  3993 | D:4      | Killed Natasha
  3994 | D:4      | Reached XP level 7. HP: 46/52 MP: 7/7
  4041 | D:4      | Reached skill level 7 in Polearms
  4149 | D:4      | Identified the +6 long sword of Grace {distort, Str+4}
  4397 | D:4      | Found Mokidon's Book Emporium.
  4502 | D:3      | Killed a water moccasin
  4578 | D:4      | Became a worshipper of Gozag Ym Sagoz the Greedy
  4598 | D:4      | Reached skill level 8 in Polearms
  4751 | D:4      | Killed Cykl0x's ghost
  4851 | D:5      | Entered Level 5 of the Dungeon
  4858 | D:5      | Reached XP level 8. HP: 58/58 MP: 8/8
  4918 | D:5      | Reached skill level 9 in Polearms
  5233 | D:5      | Found a shadowy altar of Dithmenos.
  5234 | D:5      | Found a sparkling altar of Nemelex Xobeh.
  5951 | D:6      | Reached skill level 10 in Polearms
  5991 | D:6      | Found a glowing drain.
  6018 | Sewer    | Entered a sewer
  6579 | Sewer    | Identified the +3 pair of boots of Kikubaaqudgha's Grace
                  | {Harm rElec rF+ Will+++}
  6617 | D:6      | Identified the +1 scale mail of the Lair of Beasts {Contam
                  | rC+++ rCorr SInv}
  6624 | D:6      | Reached XP level 9. HP: 60/64 MP: 9/9
  6706 | D:6      | Reached skill level 11 in Polearms
  6769 | D:6      | Found Iphomn's Antique Weapon Shop.
  6786 | D:6      | Bought a glowing trident for 136 gold pieces
  6847 | D:6      | Found a staircase to the Ecumenical Temple.
  7080 | D:6      | Reached skill level 12 in Polearms
  7338 | D:6      | Found a runed translucent door.
  7339 | D:6      | Noticed Crazy Yiuf
  7471 | D:6      | Noticed Sigmund
  7473 | D:6      | Killed Sigmund
  7576 | D:6      | Killed Crazy Yiuf
  7623 | D:7      | Reached XP level 10. HP: 70/70 MP: 10/10
  7669 | D:7      | Noticed a kobold demonologist
  7688 | D:7      | Noticed a rust devil
  7692 | D:7      | Killed a kobold demonologist
  7749 | D:7      | Reached skill level 13 in Polearms
  7749 | D:7      | Reached skill level 5 in Shields
  8380 | D:8      | Noticed Maggie
  8386 | D:8      | Killed Maggie
  8538 | D:8      | Found Dukushrou's Jewellery Shop.
  8718 | D:8      | Noticed Psyche
  8725 | D:8      | Killed Psyche
  8919 | D:8      | Noticed Harold
  8938 | D:8      | Killed Harold
  8939 | D:8      | Reached skill level 14 in Polearms
  8939 | D:8      | Reached XP level 11. HP: 57/75 MP: 11/11
 10384 | D:10     | Entered Level 10 of the Dungeon
 10407 | D:10     | Noticed Josephine
 10453 | D:9      | Reached skill level 15 in Polearms
 10573 | D:10     | Killed Josephine
 10632 | D:10     | Found Siraitt's Magic Scroll Shop.
 10748 | D:10     | Noticed Erolcha
 10757 | D:10     | Killed Erolcha
 10887 | D:10     | Noticed a two-headed ogre
 10898 | D:10     | Killed a two-headed ogre
 11340 | D:11     | Reached XP level 12. HP: 77/81 MP: 12/12
 11344 | D:11     | Reached skill level 16 in Polearms
 11418 | D:11     | Reached skill level 1 in Evocations
 11425 | D:11     | Reached skill level 1 in Throwing
 11436 | D:11     | Noticed a two-headed ogre
 11449 | D:11     | Killed a two-headed ogre
 11460 | D:11     | Found a staircase to the Lair.
 11572 | D:11     | Noticed a six-headed hydra
 11737 | D:11     | Killed a six-headed hydra
 11751 | D:11     | Noticed Nergalle
 11801 | D:11     | Killed from afar by Nergalle

Illustrated notes

Levels and vault maps discovered:
D:1:      dpeg_arrival_connections, layout_rooms, serial_bayou_pond_a,
          wander_ebering_terrifying_dragon_lair
D:2:      layout_rooms, dilly_ecumenical_altar_fadedgnrine, minmay_circle_x
D:3:      minmay_wonky_spiral, layout_basic, lemuel_tele_altar,
          grunt_temple_overflow_open, serial_aquarium, aquarium_bridge_straight
          [aquarium_subvault_bridge, aquarium_subvault_window,
          aquarium_subvault_bridge, aquarium_subvault_window],
          aquarium_bridge_square [aquarium_subvault_window,
          aquarium_subvault_bridge, aquarium_subvault_bridge,
          aquarium_subvault_bridge], aquarium_window_fake,
          aquarium_window_corridor_3, aquarium_window_fake, aquarium_window_2,
          aquarium_view_2f, aquarium_view_2a, serial_shops, nicolae_shop_stone,
          kennysheep_orc_chapel
D:4:      layout_basic, ebering_ghost_gozag, serial_shops,
          nicolae_shop_statue_plus, uniq_natasha
D:5:      layout_loops_ring, nicolae_overflow_hidden_temple
D:6:      layout_loops_ring, minmay_temple_entry_statues_pillars,
          portal_sewer_entry_c, serial_shops, nicolae_shop_stone,
          minmay_fractal_squares_diagonal_5, uniq_crazy_yiuf_cottage,
          uniq_sigmund
D:7:      layout_basic
D:8:      layout_layer_cave, minmay_shop_enchanted_jewellery, uniq_harold,
          uniq_psyche, uniq_maggie
D:9:      layout_irregular_city
D:10:     layout_roguey, serial_shops, nicolae_take_the_stairs, uniq_josephine,
          uniq_erolcha
D:11:     layout_roguey, due_lair_maze_entry_diamond, uniq_nergalle

Skill      XL: |  1  2  3  4  5  6  7  8  9 10 11 12 |
---------------+-------------------------------------+-----
Polearms       | 3 4 5 6 8 10 12 14 15 16 | 16.0
Shields        | 8 9 |  9.0
Evocations     | 2 |  2.9
Throwing       | 2 |  2.6
Fighting       | 4 |  4.5
Armour         | 4 |  4.6

Action                   |  1- 3 |  4- 6 |  7- 9 | 10-12 || total
-------------------------+-------+-------+-------+-------++-------
Melee: Trident           |    90 |   192 |   389 |   524 ||  1195
       Dagger            |       |    63 |       |       ||    63
Throw: Boomerang         |       |       |       |     5 ||     5
       Dart              |       |       |       |     5 ||     5
Invok: Potion Petition   |       |       |       |     1 ||     1
 Abil: Dig               |       |       |       |     3 ||     3
  Use: Scroll            |     2 |     5 |     6 |     2 ||    15
       Potion            |       |       |     1 |       ||     1
 Stab: Distracted        |       |       |     2 |     4 ||     6
Armor: Scale mail        |    24 |    29 |    18 |    55 ||   126
       Chain mail        |       |    58 |    81 |       ||   139
Dodge: Dodged            |    45 |    94 |   125 |    80 ||   344
Block: Kite shield       |    42 |   144 |   154 |   268 ||   608
       Reflection        |       |       |       |    18 ||    18
